 Dungeon Crawl Stone Soup version 0.28.0 (webtiles) character file.

Game seed: 5055468915485761052

337895 RepoMan the Brawler (level 21, 0/235 HPs)
             Began as a Troll Warper on Feb 4, 2022.
             Was the Champion of the Shining One.
             Slain by a crystal guardian (23 damage)
             ... led by a peacekeeper
             ... on level 4 of the Vaults on Feb 6, 2022.
             The game lasted 07:30:38 (46632 turns).

RepoMan the Brawler (Troll Warper)                 Turns: 46632, Time: 07:30:39

Health: 0/235      AC: 15    Str: 25    XL:     21   Next: 1%
Magic:  30/36      EV: 13    Int: 18    God:    the Shining One [******]
Gold:   3565       SH: 23    Dex: 15    Spells: 10/30 levels left

rFire   + . .      SeeInvis +     - Unarmed
rCold   + . .      Faith    .   U - +0 kite shield
rNeg    + + +      Spirit   .   e - +6 acid dragon scales
rPois   +          Reflect  +   K - +0 hat {SInv}
rElec   +          Harm     .   H - scarf {rC+ rF+}
rCorr   +          Rampage  .   (gloves unavailable)
Will    +....                   (boots unavailable)
Stlth   +.........              P - amulet of reflection
HPRegen 1.29/turn               F - ring of Uwoa {rPois MP+9 Int+4 Slay+2}
MPRegen 0.25/turn               X - ring "Husiga Segydd" {Fly rElec Int+5}

@: divinely shielded, spiked, flying, glowing, studying 2 skills
A: large, unfitting armour, claws 3, regeneration 1, shaggy fur 1, tough skin 1,
dopey 1, screaming 1
}: 2/15 runes: decaying, gossamer
a: Renounce Religion, Divine Shield, Cleansing Flame, Summon Divine Warrior,
Brand Weapon With Holy Wrath


You were on level 4 of the Vaults.
You worshipped the Shining One.
The Shining One was exalted by your worship.
You visited 8 branches of the dungeon, and saw 39 of its levels.
You visited the Abyss 2 times.
You also visited: Ossuary and Ice Cave.

You collected 7071 gold pieces.
You spent 3506 gold pieces at shops.

Inventory:

Hand Weapons
 f - the +10 morningstar "Eos" {elec, Halo rElec}
   (You took it off a deep elf annihilator on level 3 of the Elven Halls)

   It occasionally discharges a powerful burst of electricity upon striking a
   foe.
   It grants its wielder a halo, increasing accuracy against those within it.
   rElec:     It insulates you from electricity.
 q - the +10 glaive of Sin {speed, rPois}
   (You found it on level 1 of the Elven Halls)

   Attacks with this weapon are significantly faster.
   rPois:     It protects you from poison.
 C - a +0 giant spiked club
 Y - a +5 eveningstar of freezing
Missiles
 c - 2 curare-tipped darts
 d - 24 large rocks (quivered)
 o - 5 silver boomerangs
 B - 14 javelins
 V - a boomerang of dispersal
Armour
 e - +6 acid dragon scales (worn)
 g - +4 storm dragon scales {Bai Suzhen}
 E - the +4 skin of Zhor {*Englaciate rC+++ SInv}
   (You found it in an ice cave)

   It radiates cold, occasionally slowing all nearby creatures who are not
   resistant to cold.
   rC:        It renders you almost immune to cold.
   SInv:      It lets you see invisible.
 H - a scarf of resistance (worn)
 K - a +0 hat of see invisible (worn)
 R - a scarf of repulsion
 U - a +0 kite shield (worn)
Jewellery
 F - the ring of Uwoa (left claw) {rPois MP+9 Int+4 Slay+2}
   (You took it off an orc sorcerer on level 3 of the Elven Halls)

   [ring of magical power]

   Int:       It affects your intelligence (+4).
   Slay:      It affects your accuracy & damage with ranged weapons and melee
   (+2).
   rPois:     It protects you from poison.
   MP:        It affects your magic capacity (+9).
 P - an amulet of reflection (around neck)
 X - the ring "Husiga Segydd" (right claw) {Fly rElec Int+5}
   (You bought it in a shop on level 2 of the Orcish Mines)

   [ring of flight]

   Int:       It affects your intelligence (+5).
   rElec:     It insulates you from electricity.
   Fly:       It grants you flight.
Wands
 b - a wand of acid (1)
 l - a wand of polymorph (36)
 n - a wand of paralysis (8)
 x - a wand of iceblast (15)
 G - a wand of flame (36)
 N - a wand of digging (3)
 Q - a wand of mindburst (7)
Scrolls
 a - 2 scrolls of fog
 h - 24 scrolls of teleportation
 k - 10 scrolls of immolation
 m - 3 scrolls of brand weapon
 s - 2 scrolls of holy word
 t - 3 scrolls of magic mapping
 v - a scroll of silence
 y - 2 scrolls of enchant armour
 D - a scroll of summoning
 O - 9 scrolls of vulnerability
 Z - 7 scrolls of enchant weapon
Potions
 i - 2 potions of haste
 j - 2 potions of curing
 u - 7 potions of lignification
 w - 7 potions of resistance
 z - 5 potions of brilliance
 A - 10 potions of mutation
 J - 5 potions of attraction
 L - 3 potions of magic
 M - 2 potions of heal wounds
 T - a potion of cancellation
 W - 6 potions of ambrosia
Miscellaneous
 p - a phantom mirror (inert)
 I - a lightning rod (4/4)
 S - a box of beasts (inert)


   Skills:
 * Level 19.5 Fighting
 + Level 5.2 Maces & Flails
 + Level 10.1 Throwing
 - Level 5.0 Armour
 - Level 10.0 Dodging
 - Level 5.0 Shields
 - Level 20.0 Unarmed Combat
 - Level 5.0 Spellcasting
 - Level 11.5 Translocations
 - Level 8.5 Invocations
 - Level 5.2 Evocations


You had 10 spell levels left.
You knew the following spells:

 Your Spells              Type           Power      Damage    Failure   Level
a - Manifold Assault      Tloc           46%        N/A       9%          5
b - Blink                 Tloc           92%        N/A       1%          2
g - Apportation           Tloc           92%        N/A       1%          1
l - Lesser Beckoning      Tloc           46%        N/A       1%          3
o - Teleport Other        Tloc           46%        N/A       1%          3
p - Portal Projectile     Hex/Tloc       50%        N/A       10%         3
G - Gell's Gravitas       Tloc           46%        N/A       1%          3

Your spell library contained the following spells:

 Spells                   Type           Power      Damage    Failure   Level
 Beastly Appendage        Tmut           8%         N/A       34%         1
 Slow                     Hex            16%        N/A       34%         1
 Sting                    Tmut/Pois      16%        1d3       34%         1
 Dispersal                Tloc           23%        N/A       43%         6
 Corpse Rot               Necr/Air       8%         N/A       47%         2
 Ensorcelled Hibernation  Hex/Ice        8%         N/A       47%         2
 Passwall                 Tmut/Erth      3%         N/A       47%         2
 Sublimation of Blood     Necr           4%         N/A       47%         2
 Summon Forest            Summ/Tloc      12%        N/A       67%         5
 Confusing Touch          Hex            4%         N/A       71%         3
 Conjure Flame            Conj/Fire      4%         6-21      71%         3
 Ignite Poison            Fire/Tmut/Pois 4%         N/A       71%         3
 Inner Flame              Hex/Fire       4%         N/A       71%         3
 Mephitic Cloud           Conj/Pois/Air  4%         N/A       71%         3
 Ozocubu's Armour         Ice            4%         N/A       71%         3
 Spider Form              Tmut/Pois      4%         N/A       71%         3
 Swiftness                Air            4%         N/A       71%         3
 Tukima's Dance           Hex            4%         N/A       71%         3
 Anguish                  Hex/Necr       2%         N/A       98%         4
 Cause Fear               Hex            2%         N/A       98%         4
 Dispel Undead            Necr           4%         3d7       98%         4
 Sticky Flame             Conj/Fire      4%         2d3       98%         4
 Summon Ice Beast         Ice/Summ       4%         N/A       98%         4
 Alistair's Intoxication  Tmut/Pois      2%         N/A       100%        5
 Blade Hands              Tmut           2%         N/A       100%        5
 Borgnjor's Vile Clutch   Necr/Erth      2%         N/A       100%        5
 Excruciating Wounds      Necr           2%         N/A       100%        5
 Fireball                 Conj/Fire      2%         3d4       100%        5
 Freezing Cloud           Conj/Ice/Air   2%         6-21      100%        5
 Irradiate                Conj/Tmut      2%         3d14      100%        5
 Iskenderun's Battlesphe  Conj           4%         2d6       100%        5
 Metabolic Englaciation   Hex/Ice        2%         N/A       100%        5
 Summon Mana Viper        Hex/Summ       4%         N/A       100%        5
 Conjure Ball Lightning   Conj/Air       2%         3x3d6     100%        6
 Death Channel            Necr           2%         N/A       100%        6
 Eringya's Noxious Bog    Tmut/Pois      2%         N/A       100%        6
 Simulacrum               Ice/Necr       2%         N/A       100%        6
 Dragon Form              Tmut           2%         N/A       100%        7
 Enfeeble                 Hex            2%         N/A       100%        7
 Monstrous Menagerie      Summ           2%         N/A       100%        7
 Orb of Destruction       Conj           2%         9d5       100%        7
 Ozocubu's Refrigeration  Ice            2%         4d5       100%        7
 Summon Hydra             Summ           2%         N/A       100%        7
 Borgnjor's Revivificati  Necr           2%         N/A       100%        8
 Discord                  Hex            2%         N/A       100%        8
 Chain Lightning          Conj/Air       2%         3d2       100%        9
 Fire Storm               Conj/Fire      2%         8d1       100%        9
 Shatter                  Erth           2%         3d6*      100%        9


Dungeon Overview and Level Annotations

Branches:
Dungeon (15/15)            Temple (1/1) D:6            Lair (6/6) D:10
  Swamp (4/4) Lair:2       Spider (4/4) Lair:4        Slime (0/5) Lair:6
    Orc (2/2) D:9             Elf (3/3) Orc:2        Vaults (4/5) D:14
  Crypt (0/3) Vaults:2     Depths (0/4) D:15        Ossuary (visited)
  IceCv (visited)

Altars:
Ashenzari
Cheibriados
Dithmenos
Elyvilon
Fedhas
Gozag
Hepliaklqana
Kikubaaqudgha
Makhleb
Nemelex Xobeh
Okawaru
Qazlal
Ru
Sif Muna
Trog
Uskayaw
Vehumet
Wu Jian
Xom
Yredelemnul
Zin
The Shining One
Beogh
Jiyva

Shops:
D:6 =   D:9 ?   D:11 *   Orc:1 (   Orc:2 ([*:*(!=!   Elf:2 [   Vaults:2 :
Vaults:3 ?

Portals:
Pandemonium: Orc:2


Innate Abilities, Weirdness & Mutations

You are too large for most types of armour.
You have claws for hands.
Your natural rate of healing is unusually fast.
You are covered in fur. (AC +1)
You have tough skin. (AC +1)
You are dopey. (Int -2)
You occasionally shout uncontrollably at your foes.


Message History

Unknown command.
Unknown command.
Press: ? - help, v - describe, . - travel
Here: a crystal guardian (strong, haloed)
The floor, spattered with blood.
Unknown command.
Unknown command.
Unknown command.
Unknown command.
Aiming: Phantom Mirror
Press: ? - help, Dir - move target, f - crystal guardian
Aim: a crystal guardian (strong, haloed)
You reflect the crystal guardian with the mirror!
The mirror clouds!
The war gargoyle no longer looks unusually strong.
The war gargoyle launches metal splinters at you.
The spray of metal splinters hits you!!!
* * * LOW HITPOINT WARNING * * *
You block the peacekeeper's attack. The peacekeeper barely misses you.
You block the crystal guardian's attack.
Your crystal guardian hits the crystal guardian!!
The war gargoyle hits you but does no damage.
Okay, then.
Unknown command.
Unknown command.
You open the lid... ...and a larval stingbat beast flies out!
The box is emptied!
You block the peacekeeper's attack. x2
The war gargoyle hits you with a +0 morningstar!
* * * LOW HITPOINT WARNING * * *
The crystal guardian hits you!
* * * LOW HITPOINT WARNING * * *
Your crystal guardian hits the crystal guardian but does no damage.
The peacekeeper barely misses you. The peacekeeper misses you.
Casting: Lesser Beckoning (safe; 1% risk of failure)
Confirm with . or Enter, or press ? or * to list all spells.
You blink.
The peacekeeper bites you!
* * * LOW HITPOINT WARNING * * *
The peacekeeper closely misses you. The crystal guardian hits you!!
You die...

.........+ ........#
.......# ..!....#
......p ....
###'##### #...[...#
#....9@.#
#....99.############
#....ยง.9#..........#
#...H...#..........#
#.......#..........'
#.......'..........#
#.......'..........#
#########..........#
#..........#


You could see a crystal guardian (strong, ally target), a war gargoyle (catching
breath), a peacekeeper, a friendly larval stingbat beast (summoned) and a
friendly crystal guardian (summoned, strong, drained).

Vanquished Creatures
  An ancient lich (Vaults:3)
  Frederick (Vaults:3)
  Bai Suzhen (Spider:3)
  2 tentacled monstrosities
  3 deep elf blademasters
  2 deep elf master archers (Elf:3)
  2 ancient champions (Vaults:2)
  3 sphinxes
  3 thorn hunters (Swamp:3)
  A fenstrider witch (Swamp:2)
  Donald (Elf:1)
  A frost giant (Vaults:3)
  8 emperor scorpions
  Louise (D:14)
  Aizul (Elf:3)
  5 deep elf sorcerers
  6 ghost moths
  5 vault wardens
  A ghoul (Swamp:3)
  2 deep elf elementalists (Elf:3)
  11 ironbound preservers
  An orc warlord (Orc:1)
  A war gargoyle (Vaults:3)
  5 broodmothers
  3 very ugly things
  11 deep elf demonologists
  2 entropy weavers
  7 eleionomae
  6 deep elf annihilators (Elf:3)
  3 ironbound thunderhulks
  10 dire elephants
  3 spark wasps
  4 bunyips
  Snorg (D:10)
  10 deep elf death magi
  A jiangshi (Vaults:2)
  Josephine (Lair:6)
  4 deep elf high priests (Elf:3)
  3 yaktaur captains
  18 hydras
  2 radroaches
  A spriggan air mage (Swamp:3)
  2 peacekeepers (Vaults:3)
  2 shambling mangroves (Swamp:3)
  3 great orbs of eyes
  2 ghost crabs (Swamp:4)
  A jorogumo (Spider:2)
  4 boulder beetles
  7 vault guards
  A death knight (Vaults:2)
  6 two-headed ogres
  Erica (D:8)
  3 centaur warriors
  21 dancing weapons
  3 death yaks
  An ogre mage (D:12)
  A tengu warrior (D:15)
  7 ironbound frosthearts
  4 alligators
  7 orc high priests
  17 deep elf knights
  2 sun moths
  2 spectral death yaks (Lair:6)
  A spectral dire elephant (Lair:6)
  6 pharaoh ants
  2 goliath frogs (Swamp:3)
  A spectral anaconda (Lair:6)
  3 death drakes
  10 steelbarb worms
  32 deep trolls
  18 swamp dragons
  An obsidian statue (Lair:6)
  4 bog bodies
  5 spriggan druids
  10 wizards
  12 orb spiders
  8 orc knights
  21 deep elf pyromancers
  10 ironbound convokers
  A shadow dragon skeleton (Vaults:1)
  23 deep elf zephyrmancers
  A lindwurm (Lair:4)
  10 deep elf archers
  5 harpies (Vaults:2)
  6 necromancers
  10 orc sorcerers
  20 wolf spiders
  6 will-o-the-wisps
  19 ugly things
  3 manticores
  8 cyclopes
  3 moths of wrath
  10 elephants (Lair:6)
  Joseph (D:9)
  A salamander (Lair:5)
  5 black mambas
  A dire elephant zombie (Lair:6)
  An ice statue (IceCv)
  2 torpor snails
  Maggie (D:8)
  2 gargoyles (D:12)
  A naga mage (D:15)
  11 vault sentinels
  2 smoke demons (Orc:2)
  4 rime drakes
  12 komodo dragons
  6 yaktaurs
  8 demonic crawlers
  An unseen horror (D:10)
  19 cane toads
  An efreet (D:13)
  3 entropy weaver simulacra (IceCv)
  A freezing wraith (Vaults:3)
  A tengu conjurer (D:14)
  An ice devil (IceCv)
  A yaktaur zombie (Vaults:1)
  A hellwing (Orc:2)
  A human skeleton (Vaults:1)
  7 meliai
  19 hornets
  8 tyrant leeches
  3 polar bears
  2 bloated husks
  5 trolls
  A wolf spider simulacrum (D:15)
  31 tarantellas
  15 slime creatures
  2 spectral elephants (Lair:6)
  Prince Ribbit (D:5)
  3 blink frogs (Lair:3)
  A meliai zombie (D:15)
  6 dream sheep (Lair:6)
  22 culicivoras
  An air elemental (Elf:2)
  20 jumping spiders
  2 centaur simulacra (D:14)
  A water elemental (Elf:2)
  15 spriggans
  6 wraiths
  3 shadows
  Eustachio (D:4)
  A dire elephant simulacrum (IceCv)
  33 yaks
  5 wyverns
  7 basilisks
  A fire elemental (Elf:3)
  A redback (shapeshifter) (Spider:3)
  A chaos spawn (Orc:2)
  4 vampire mosquitoes
  Grum (D:8)
  45 redbacks
  3 steam dragons
  Menkaure (D:5)
  9 wargs
  2 death yak simulacra (IceCv)
  Edmund (D:4)
  18 swamp worms
  Duvessa (D:6)
  12 water moccasins
  5 sky beasts
  6 swamp drakes
  10 ice beasts
  3 black bears
  3 elephant zombies (Lair:6)
  3 necrophages
  58 orc warriors
  5 ogres
  23 wolves
  A boggart (Elf:1)
  8 centaurs
  2 phantoms (D:6)
  4 kobold brigands
  Blork the orc (D:4)
  3 elf zombies (Ossuary)
  2 gnoll sergeants (D:6)
  15 bullfrogs
  3 scorpions
  3 cane toad simulacra
  2 earth elementals
  9 two-headed ogre simulacra (IceCv)
  A water moccasin skeleton (D:6)
  Dowan (D:6)
  39 killer bees
  4 elephant simulacra
  A wight (D:6)
  2 howler monkeys (D:9)
  8 centaur zombies
  4 hounds
  2 bullfrog skeletons (D:5)
  37 orc priests
  2 gnoll shamans (D:6)
  A human zombie (Ossuary)
  5 jellies
  Jessica (D:3)
  Ijyb (D:3)
  A scorpion zombie (D:4)
  4 spriggan simulacra (IceCv)
  2 centaur skeletons
  4 iguanas
  28 orc wizards
  A troll simulacrum (IceCv)
  A polar bear simulacrum (IceCv)
  A wolf simulacrum (IceCv)
  2 killer bee zombies
  2 mummies (Ossuary)
  3 howler monkey zombies
  12 gnolls
  10 adders
  5 naga simulacra (IceCv)
  2 shadow imps
  3 white imps (IceCv)
  5 ufetubi (IceCv)
  An adder skeleton (D:4)
  2 adder zombies (Ossuary)
  2 worms (D:4)
  3 dart slugs
  83 orcs
  5 bats
  15 endoplasms
  6 giant cockroaches
  6 goblins
  6 hobgoblins
  7 jackals
  17 kobolds
  2 quokkas (D:4)
  9 ball pythons
  7 frilled lizards
  10 hobgoblin zombies (Ossuary)
  10 kobold zombies (Ossuary)
  8 orc zombies (Ossuary)
  A rat (D:2)
  A rat zombie (Ossuary)
  A bush (Lair:5)
1499 creatures vanquished.

Vanquished Creatures (collateral kills)
  the Lernaean hydra (Swamp:4)
  A vault warden (Vaults:3)
  An orc warlord (Orc:1)
  An ironbound thunderhulk (Vaults:3)
  A bunyip (Swamp:4)
  2 yaktaur captains
  2 hydras
  An alligator (Swamp:4)
  A deep elf knight (Elf:2)
  A swamp dragon (Swamp:3)
  A deep troll (Vaults:3)
  A deep elf archer (Elf:2)
  4 deep elf pyromancers (Elf:2)
  2 vault sentinels
  3 yaktaurs (Vaults:2)
  A tyrant leech (Swamp:3)
  2 swamp worms
  An ice beast (D:5)
  A wolf (D:8)
  A bullfrog (D:8)
  A centaur skeleton (D:5)
  5 orcs (Orc:1)
35 creatures vanquished.

Vanquished Creatures (others)
  A wolf spider (Spider:2)
  A deep elf zephyrmancer (Elf:1)
  A demonic crawler (Spider:3)
  A troll (D:9)
  A spriggan (Swamp:3)
  2 orc warriors (Orc:1)
  A wolf (D:8)
  A killer bee (Lair:4)
  4 orcs (Orc:1)
  18 foxfires
  21 fungi
  25 plants
  18 withered plants (Lair:6)
95 creatures vanquished.

Grand Total: 1629 creatures vanquished

Notes
Turn   | Place    | Note
-------+----------+-------------------------------------------
     0 | D:1      | RepoMan the Troll Warper began the quest for the Orb.
     0 | D:1      | Reached XP level 1. HP: 19/19 MP: 1/1
    40 | D:1      | Reached XP level 2. HP: 21/28 MP: 2/2
   331 | D:1      | Reached XP level 3. HP: 33/35 MP: 3/3
   700 | D:1      | Found a faded altar of an unknown god.
   821 | D:1      | Reached skill level 3 in Unarmed Combat
  1142 | D:2      | Learned a level 2 spell: Blink
  2100 | D:3      | Noticed Jessica
  2108 | D:3      | Killed Jessica
  2109 | D:3      | Reached XP level 4. HP: 44/44 MP: 4/4
  2560 | D:3      | Found an iron altar of Okawaru.
  2640 | D:3      | Identified the +2 pair of boots of the Harvest {rF+ rCorr}
  2862 | D:3      | Noticed Ijyb
  2942 | D:3      | Reached skill level 4 in Unarmed Combat
  2942 | D:3      | Reached XP level 5. HP: 50/50 MP: 5/5
  3472 | D:4      | Found a transporter.
  3774 | D:4      | Found a transporter.
  3776 | D:4      | Noticed an ice beast
  3776 | D:4      | Noticed an ice beast
  3776 | D:4      | Noticed an ice beast
  3777 | D:4      | Noticed an ice beast
  3809 | D:4      | Noticed Blork the orc
  3820 | D:4      | Killed Blork the orc
  3948 | D:4      | Noticed Eustachio
  3970 | D:4      | Killed Eustachio
  3971 | D:4      | Reached skill level 5 in Unarmed Combat
  3971 | D:4      | Reached XP level 6. HP: 54/61 MP: 6/6
  4154 | D:4      | Reached XP level 7. HP: 67/67 MP: 7/7
  4348 | D:4      | Found a radiant altar of Vehumet.
  4431 | D:4      | Noticed Edmund
  4443 | D:4      | Killed Edmund
  4444 | D:4      | Reached skill level 6 in Unarmed Combat
  4607 | D:5      | Entered Level 5 of the Dungeon
  4631 | D:5      | Identified 2 scrolls of acquirement
  4631 | D:5      | Acquired 813 gold pieces
  4692 | D:5      | Found a sand-covered staircase.
  4697 | Ossuary  | Entered an ossuary
  5073 | Ossuary  | Reached XP level 8. HP: 74/78 MP: 8/8
  5106 | Ossuary  | Reached skill level 7 in Unarmed Combat
  5328 | D:5      | Reached skill level 8 in Unarmed Combat
  5429 | D:5      | Noticed Menkaure
  5477 | D:5      | Killed Menkaure
  5615 | D:5      | Noticed Prince Ribbit
  5632 | D:5      | Killed Prince Ribbit
  5633 | D:5      | Reached skill level 5 in Fighting
  5735 | D:5      | Reached skill level 5 in Translocations
  5735 | D:5      | Reached XP level 9. HP: 79/88 MP: 9/9
  5739 | D:5      | Learned a level 3 spell: Lesser Beckoning
  5743 | D:5      | Learned a level 3 spell: Teleport Other
  5934 | D:6      | Reached skill level 1 in Throwing
  6037 | D:6      | Reached skill level 9 in Unarmed Combat
  6123 | D:6      | Noticed Duvessa
  6123 | D:6      | Noticed Dowan
  6221 | D:6      | Killed Duvessa
  6225 | D:6      | Killed Dowan
  6301 | D:6      | Found a staircase to the Ecumenical Temple.
  6313 | Temple   | Entered the Ecumenical Temple
  6320 | Temple   | Became a worshipper of the Shining One
  6457 | D:6      | Noticed a cyclops
  6458 | D:6      | Noticed a cyclops
  6513 | D:6      | Found an ornate altar of the Wu Jian Council.
  6578 | D:6      | Learned a level 1 spell: Apportation
  6638 | D:6      | Found Onosm's Jewellery Boutique.
  6651 | D:6      | Bought a ring of poison resistance for 280 gold pieces
  6833 | D:6      | Reached * piety under the Shining One
  6845 | D:6      | Reached skill level 10 in Unarmed Combat
  7094 | D:7      | Found a broken altar of Ashenzari.
  7107 | D:7      | Reached XP level 10. HP: 97/98 MP: 10/10
  7220 | D:7      | Found a sacrificial altar of Ru.
  7441 | D:7      | Found a basalt altar of Yredelemnul.
  7789 | D:8      | Noticed Grum
  7804 | D:8      | Killed Grum
  7988 | D:8      | Noticed Maggie
  8005 | D:8      | Killed Maggie
  8257 | D:8      | Reached skill level 1 in Evocations
  8263 | D:8      | Reached skill level 11 in Unarmed Combat
  8723 | D:8      | Noticed an elephant
  8972 | D:9      | Found a staircase to the Orcish Mines.
  8984 | D:9      | Reached ** piety under the Shining One
  9076 | D:9      | Noticed Joseph
  9097 | D:9      | Killed Joseph
  9098 | D:9      | Reached XP level 11. HP: 80/107 MP: 11/11
  9380 | D:9      | Found Xamegh's Magic Scroll Shoppe.
  9382 | D:9      | Noticed Erica
  9429 | D:8      | Killed Erica
  9457 | D:9      | Bought a scroll of teleportation for 42 gold pieces
  9457 | D:9      | Bought a scroll of identify for 28 gold pieces
  9457 | D:9      | Bought a scroll of enchant armour for 105 gold pieces
  9457 | D:9      | Bought a scroll of fog for 28 gold pieces
  9457 | D:9      | Bought a scroll of immolation for 49 gold pieces
  9457 | D:9      | Bought a scroll of identify for 28 gold pieces
  9803 | D:9      | Reached skill level 12 in Unarmed Combat
  9880 | D:10     | Entered Level 10 of the Dungeon
  9982 | D:10     | Found a shimmering blue altar of Sif Muna.
 10002 | D:10     | Got Sif Muna's Reference Book on Hexes
 10395 | D:10     | Noticed Snorg
 10616 | D:10     | Noticed a two-headed ogre
 10626 | D:10     | Killed a two-headed ogre
 10676 | D:10     | Found a staircase to the Lair.
 10724 | Lair:1   | Entered Level 1 of the Lair of Beasts
 10770 | Lair:1   | Reached skill level 1 in Invocations
 11700 | Lair:2   | Found a staircase to the Swamp.
 11724 | Lair:2   | Reached skill level 13 in Unarmed Combat
 12003 | Lair:2   | Noticed an eight-headed hydra
 12039 | Lair:2   | Killed an eight-headed hydra
 12040 | Lair:2   | Reached XP level 12. HP: 119/119 MP: 9/12
 12181 | Lair:2   | Noticed a five-headed hydra
 12195 | Lair:2   | Noticed a seven-headed hydra
 12436 | Lair:2   | Killed a one-headed hydra
 12553 | Lair:2   | Killed a seven-headed hydra
 12815 | Lair:3   | Noticed a death yak
 12828 | Lair:3   | Noticed a death yak
 12841 | Lair:3   | Noticed a death yak
 12850 | Lair:3   | Killed a death yak
 12860 | Lair:2   | Killed a death yak
 12867 | Lair:3   | Killed a death yak
 12902 | Lair:3   | Found a frozen archway.
 12913 | IceCv    | Entered an ice cave
 12920 | IceCv    | Reached *** piety under the Shining One
 12938 | IceCv    | Reached skill level 14 in Unarmed Combat
 12986 | IceCv    | Reached skill level 5 in Evocations
 13106 | IceCv    | Reached **** piety under the Shining One
 13286 | IceCv    | Reached ***** piety under the Shining One
 13332 | IceCv    | Found the +4 skin of Zhor {*Englaciate rC+++ SInv}
 13397 | IceCv    | Noticed a reaper
 13723 | Lair:3   | Reached skill level 1 in Armour
 13787 | Lair:3   | Noticed a four-headed hydra
 13798 | Lair:3   | Killed a one-headed hydra
 13895 | Lair:3   | Reached XP level 13. HP: 130/130 MP: 14/14
 14786 | Lair:4   | Reached skill level 15 in Unarmed Combat
 14863 | Lair:4   | Reached skill level 5 in Dodging
 15085 | Lair:4   | Found a hole to the Spider Nest.
 15557 | Lair:5   | Noticed Nessos
 15559 | Lair:5   | Noticed Nessos
 15559 | Lair:5   | Nessos changed into Nessos the salamander
 15570 | Lair:5   | Killed Nessos the salamander
 16228 | Lair:6   | Entered Level 6 of the Lair of Beasts
 16307 | Lair:6   | Noticed Josephine
 16312 | Lair:6   | Killed Josephine
 16606 | Lair:6   | Reached skill level 5 in Invocations
 16826 | Lair:6   | Reached skill level 16 in Unarmed Combat
 16884 | Lair:6   | Reached XP level 14. HP: 129/141 MP: 17/17
 16895 | Lair:6   | Found a runed translucent door.
 16895 | Lair:6   | Found a viscous altar of Jiyva.
 16895 | Lair:6   | Found a staircase to the Slime Pits.
 17022 | Lair:6   | Reached ****** piety under the Shining One
 17323 | Lair:6   | Reached skill level 10 in Fighting
 18571 | D:3      | Killed Ijyb
 18782 | D:10     | Killed Snorg
 18946 | Orc:1    | Entered Level 1 of the Orcish Mines
 19172 | Orc:1    | Reached skill level 1 in Shields
 19215 | Orc:1    | Found Toalluri's Antique Weapon Boutique.
 19302 | Orc:1    | Reached skill level 17 in Unarmed Combat
 19404 | Orc:1    | Noticed an orc warlord
 19426 | Orc:1    | Killed an orc warlord
 19576 | Orc:1    | Noticed an orc warlord
 19585 | Orc:1    | Paralysed by an orc sorcerer for 4 turns
 19593 | Orc:1    | Killed an orc warlord
 19696 | Orc:1    | Identified the +8 hand crossbow of the Wilderness {penet,
                  | rElec rC++ Int-4 Stlth+}
 19698 | Orc:1    | Identified the +1 leather armour of Emifonk {Harm Rampage
                  | rF+ Str-4}
 19975 | Orc:2    | Entered Level 2 of the Orcish Mines
 20126 | Orc:2    | Found Pycur's General Store.
 20136 | Orc:2    | Bought 2 potions of haste for 320 gold pieces
 20136 | Orc:2    | Bought a scroll of acquirement for 832 gold pieces
 20454 | Orc:2    | Found Huxunec's Weapon Boutique.
 20528 | Orc:2    | Found Vorize's General Store.
 20532 | Orc:2    | Found Camay's Distillery.
 20586 | Orc:2    | Reached XP level 15. HP: 81/152 MP: 19/19
 20713 | Orc:2    | Bought a potion of curing for 36 gold pieces
 20715 | Orc:2    | Bought a potion of curing for 54 gold pieces
 20715 | Orc:2    | Bought a potion of ambrosia for 144 gold pieces
 20715 | Orc:2    | Bought a potion of mutation for 144 gold pieces
 20715 | Orc:2    | Bought a potion of curing for 54 gold pieces
 20715 | Orc:2    | Bought a potion of curing for 54 gold pieces
 21045 | Orc:2    | Found a staircase to the Elven Halls.
 21109 | Orc:2    | Found Zurch's Antique Armour Emporium.
 21182 | Orc:2    | Found Pofoklit's Jewellery Shoppe.
 21190 | Orc:2    | Bought the ring "Husiga Segydd" {Fly rElec Int+5} for 504
                  | gold pieces
 21247 | Orc:2    | Found Dasimip's Distillery.
 21251 | Orc:2    | Bought a potion of resistance for 160 gold pieces
 21251 | Orc:2    | Bought a potion of mutation for 128 gold pieces
 21484 | Orc:2    | Found Ulijof's Antique Weapon Shoppe.
 21484 | Orc:2    | Found Kasimure's Book Emporium.
 21485 | Orc:2    | Found a one-way gate leading to the halls of Pandemonium.
 21919 | D:11     | Acquired a manual of Fighting
 21921 | D:11     | Acquired 654 gold pieces
 22149 | D:11     | Found an opulent altar of Gozag.
 22151 | D:11     | Found Gozag's Platinum Reserve.
 22655 | D:12     | Reached skill level 18 in Unarmed Combat
 24535 | D:14     | Noticed Louise
 24560 | D:14     | Killed Louise
 24683 | D:14     | Found a gate to the Vaults.
 24761 | D:14     | You are sucked into a shaft and drop 1 floor!
 24761 | D:15     | Entered Level 15 of the Dungeon
 25016 | D:14     | Found a shadowy altar of Dithmenos.
 25736 | D:15     | Identified the +2 robe "Atudduxu" {Rampage Int+3}
 25749 | D:15     | Found a staircase to the Depths.
 26157 | Spider:1 | Entered Level 1 of the Spider Nest
 26166 | Lair:4   | Reached skill level 5 in Throwing
 26191 | Lair:4   | Reached XP level 16. HP: 92/165 MP: 21/21
 26192 | Lair:4   | Reached skill level 5 in Shields
 28981 | Spider:2 | Reached skill level 19 in Unarmed Combat
 30010 | Spider:3 | Noticed Bai Suzhen
 30032 | Spider:3 | Killed Bai Suzhen
 30302 | Spider:4 | Entered Level 4 of the Spider Nest
 30634 | Spider:4 | Reached XP level 17. HP: 68/182 MP: 19/22
 30838 | Spider:4 | Reached skill level 15 in Fighting
 31216 | Spider:4 | Learned a level 3 spell: Portal Projectile
 31222 | Spider:4 | Learned a level 5 spell: Manifold Assault
 31658 | Spider:4 | Got a gossamer rune of Zot
 31984 | Swamp:1  | Entered Level 1 of the Swamp
 32804 | Swamp:2  | Noticed a tentacled monstrosity
 32818 | Swamp:2  | Killed a tentacled monstrosity
 33577 | Swamp:3  | Noticed a tentacled monstrosity
 33842 | Swamp:3  | Killed a tentacled monstrosity
 33843 | Swamp:3  | Reached skill level 5 in Spellcasting
 33926 | Swamp:3  | Reached XP level 18. HP: 69/196 MP: 18/24
 34431 | Swamp:3  | Reached skill level 20 in Unarmed Combat
 35101 | Swamp:4  | Entered Level 4 of the Swamp
 36330 | Swamp:4  | Noticed the 27-headed Lernaean hydra
 36348 | Swamp:4  | Killed the 27-headed Lernaean hydra
 36407 | Swamp:4  | Got a decaying rune of Zot
 36487 | Swamp:4  | Got the Compendium of Shape Shifting and Unholy Magic
 36774 | Elf:1    | Entered Level 1 of the Elven Halls
 37019 | Elf:1    | Noticed Donald
 37035 | Elf:1    | Killed Donald
 37080 | Elf:1    | You are sucked into a shaft and drop 1 floor!
 37095 | Elf:2    | Found a runed translucent gate.
 37095 | Elf:2    | Found a runed translucent gate.
 37096 | Elf:2    | Found a runed translucent gate.
 37187 | Elf:2    | Identified the +7 bardiche "Osko Lua" {vorpal, rN+ Will+
                  | Int+4 Dex+2}
 37225 | Elf:2    | Found Haruigull's Antique Armour Boutique.
 37252 | Elf:2    | Noticed an Ice Fiend
 37600 | Elf:1    | Reached skill level 5 in Armour
 37607 | Elf:1    | Reached XP level 19. HP: 180/209 MP: 25/25
 37778 | Elf:1    | Identified the +10 glaive of Sin {speed, rPois}
 37792 | Elf:1    | Found a shimmering blue altar of Sif Muna.
 38267 | Elf:2    | Reached skill level 10 in Translocations
 38566 | Elf:2    | Paralysed by an air elemental for 1 turns
 39352 | Elf:3    | Entered Level 3 of the Elven Halls
 40088 | Elf:3    | Identified the ring of Uwoa {rPois MP+9 Int+4 Slay+2}
 40090 | Elf:3    | Noticed Aizul
 40224 | Elf:3    | Cast into level 2 of the Abyss (a deep elf demonologist)
 40263 | Abyss:2  | Gained mutation: You are dopey. (Int -2) [a neqoxec]
 40266 | Abyss:2  | Gained mutation: You occasionally shout uncontrollably at
                  | your foes. [a neqoxec]
 40270 | Elf:3    | Escaped the Abyss
 40302 | Elf:3    | Cast into level 3 of the Abyss (a deep elf sorcerer)
 40322 | Abyss:3  | Found a corrupted altar of Lugonu.
 40338 | Elf:3    | Escaped the Abyss
 40386 | Elf:3    | Killed Aizul
 40737 | Elf:3    | Identified the +0 plate armour "Dogesaah" {Harm rElec rCorr
                  | Dex-2}
 40824 | Elf:3    | Identified the +5 dagger "Widdaito" {drain, Int+3}
 40865 | Elf:3    | Identified the +1 robe "Yhu Hor" {Will- Str+3 Dex+8}
 41210 | Elf:3    | Identified the +2 chain mail "Quamurul" {Int+2}
 41254 | Elf:3    | Got Neemops's Almanac of Envenoming and Hexes
 41255 | Elf:3    | Identified the +3 arbalest "Nyck" {vorpal, Fragile rC++
                  | Will+++ Dex-4}
 41322 | Elf:3    | Acquired 831 gold pieces
 41625 | Vaults:1 | Entered Level 1 of the Vaults
 41845 | Vaults:1 | You are sucked into a shaft and drop 1 floor!
 42296 | Vaults:2 | Reached XP level 20. HP: 218/223 MP: 26/26
 42469 | Vaults:2 | Reached skill level 10 in Dodging
 42521 | Vaults:2 | Found a staircase to the Crypt.
 42575 | Vaults:2 | Found Amaoli Voit's Book Emporium.
 42595 | Vaults:2 | Learned a level 3 spell: Gell's Gravitas
 42627 | Vaults:2 | Reached skill level 1 in Maces & Flails
 43789 | Vaults:3 | Identified the +7 tower shield of Tulips {Fly Regen+ Str-4
                  | Stlth-}
 43971 | Vaults:3 | Paralysed by a great orb of eyes for 7 turns
 44390 | Vaults:3 | Noticed an ancient lich
 44391 | Vaults:3 | Noticed Frederick
 44416 | Vaults:3 | Killed Frederick
 44437 | Vaults:3 | Killed an ancient lich
 45336 | Vaults:3 | Found Xexet's Magic Scroll Shoppe.
 45341 | Vaults:3 | Bought a scroll of brand weapon for 240 gold pieces
 45341 | Vaults:3 | Bought a scroll of teleportation for 36 gold pieces
 45341 | Vaults:3 | Bought a scroll of brand weapon for 240 gold pieces
 46001 | Vaults:4 | Reached skill level 10 in Throwing
 46332 | Vaults:4 | Reached skill level 5 in Maces & Flails
 46374 | Vaults:3 | Reached XP level 21. HP: 70/235 MP: 27/27
 46632 | Vaults:4 | Slain by a crystal guardian

Illustrated notes

Levels and vault maps discovered:
D:1:      minmay_arrival_radiant_lines, layout_loops_corners,
          dreamdust_ecumenical_altar_angels_and_demons,
          chequers_decorated_corner, minivault_27, st_stairs_10, minmay_3d_cube
D:2:      layout_basic, serial_forest, infiniplex_forest_clump_medium,
          infiniplex_forest_zigzag_1, infiniplex_forest_clump_medium,
          infiniplex_forest_lined_room_2, infiniplex_forest_straight_4,
          infiniplex_forest_lined_2, infiniplex_forest_zigzag_1,
          infiniplex_forest_lined_2
D:3:      layout_loops_corners, mainiacjoe_overflow_alcove_1, uniq_jessica,
          uniq_ijyb
D:4:      gammafunk_cloud_chamber, layout_basic, mainiacjoe_overflow_alcove_4,
          minmay_manual_mullet, uniq_blork_the_orc, uniq_eustachio, uniq_edmund
D:5:      layout_rooms, nicolae_ossuary_entry_false_entrances, minmay_circle_x,
          uniq_prince_ribbit1, uniq_menkaure
D:6:      minmay_razor_zed, layout_rooms, lemuel_tele_altar,
          minmay_temple_entry_junction, serial_shops, shop,
          lightli_corner_chamber, uniq_duvessa
D:7:      layout_loops_cross, mainiacjoe_overflow_catwalk,
          ashenzari_conservatory_becter, nicolae_ru_awakened_eye,
          nicolae_elevator_lobby_asterisk
D:8:      wad_woods_minihive, layout_loops_ring, worms_lemuel, uniq_grum,
          uniq_maggie
D:9:      layout_long_grid, david_orc_1_choice, serial_shops, shop,
          hangedman_misty_isle, uniq_joseph, uniq_erica
D:10:     layout_basic, led_sif_book, lair_entry_dummy, nrook_campfire,
          uniq_snorg
D:11:     layout_roguey, nicolae_gozag_zags_fifth_avenue
D:12:     layout_cave_pods, serial_rivers, chequers_serial_rivers_micro_d,
          chequers_serial_rivers_marsh, chequers_serial_rivers_micro_b,
          chequers_serial_rivers_micro_d, minmay_librarian
D:13:     layout_basic, st_stairs_7
D:14:     layout_loops_ring, lightli_vaults_fourway_checkpoint, serial_glass,
          glass_columns_b, glass_columns_a, patterned_corridor,
          grunt_dithmenos_shadows, uniq_louise
D:15:     grunt_enter_depths_magical_seal, layout_irregular_city,
          minmay_splitting_lines, mumra_transporter_accident
Temple:   nicolae_temple_no_exploring_needed
Lair:1:   layout_concentric_octagons, grunt_forest_small_clearing_treed
Lair:2:   layout_chaotic_city, minmay_swamp_entry_wisps, grunt_megastairs_1
Lair:3:   layout_cave_pods, portal_ice_cave_entry_pillars_1,
          columned_hall_lemuel, hibernation_bobbens
Lair:4:   layout_loops_ring, hellmonk_spider_entry_not_the_bees,
          infiniplex_staircase_pool_2, lemuel_fruit_tree, grunt_megastairs_5
Lair:5:   layout_loops_ring, minivault_11, minmay_hedge_maze,
          serial_bayou_pond_a, uniq_nessos
Lair:6:   due_jungle_book, layout_misc_corridors, slime_altar_2,
          nicolae_lair_grove_arrangements, eino_small_chamber_without_monster,
          nicolae_quartered_pool_little, uniq_josephine
Swamp:1:  nicolae_swamp_ascending_descending, layout_basic_swamp,
          evilmike_swamp_ruin_house_3
Swamp:2:  layout_basic_swamp, evilmike_swamp_ruin_house_5
Swamp:3:  nzn_winding_woodlands_medium [nzn_winding_woodlands_5x5_checkerboard,
          nzn_winding_woodlands_5x15_river_crossing,
          nzn_winding_woodlands_5x5_perimeter,
          nzn_winding_woodlands_5x5_default,
          nzn_winding_woodlands_center_pierced_h,
          nzn_winding_woodlands_hourglass, nzn_winding_woodlands_5x5_default,
          nzn_winding_woodlands_5x15_cabin, nzn_winding_woodlands_5x5_default],
          layout_falls_marsh, evilmike_swamp_ruin_rubble_2, swamp_pool4
Swamp:4:  swamp_old_school, layout_basic_swamp, swamp_pool4,
          nicolae_swamp_round_clearing, nicolae_swamp_feature_on_the_river_bank,
          infiniplex_staircase_pool
Spider:1: layout_spider_delve
Spider:2: layout_chambers, nicolae_spider_moth_buddies
Spider:3: layout_spider_delve, hellmonk_deceptive_appearances, uniq_bai_suzhen
Spider:4: grunt_spider_rune_circles, nicolae_orb_island
Orc:1:    layout_diamond_mine, basic_altar, serial_shops, nicolae_square_shop,
          minmay_orc_treasury
Orc:2:    pf_orc_diabolical, layout_diamond_mine, serial_shops,
          nicolae_lakefront_shop, shop, nicolae_shop_statue_plus,
          nicolae_square_shop, nicolae_square_shop, basic_altar,
          nooodl_orcs_dogs
Elf:1:    eino_elf_arrival_shootout, layout_loops_corners, basic_altar,
          hangedman_elf_disciples, uniq_donald
Elf:2:    elven_hall_of_blades_hangedman_original [mumra_blade_entry_bloodbath],
          layout_onion_city, serial_shops, nicolae_shop_hallway_plus, drop_trap
Elf:3:    elf_hall, layout_geoelf_octagon, uniq_aizul
Vaults:1: ontoclasm_vaults_echo, vaults_dpeg_spiral, ontoclasm_vaults_idyll,
          v_rooms_3, v_rooms_5, serial_ice_m, nicolae_vaults_asterisk,
          hangedman_vaults_stretched_pinwheel, vaults_mumra_minichess,
          vaults_room_fours, layout_vaults_big_room
Vaults:2: v_misc_3, minmay_crypt_entry_simple_walls,
          nicolae_vaults_little_squares_4, nicolae_vaults_big_angled_halls,
          grunt_vaults_hallway_short, ontoclasm_vaults_chip,
          nicolae_vaults_asterisk, hangedman_vaults_river_flow, v_misc_3,
          nicolae_vaults_rhombus_7, vaults_standard_mumra_enter_the_diamond,
          vaults_dpeg_encased_lava, ontoclasm_vaults_ligature,
          nicolae_vaults_what_the_h, layout_vaults_maze_snakey, serial_shops,
          shop
Vaults:3: vaults_mumra_bighexcomb, nicolae_vaults_alarming,
          nicolae_vaults_little_squares_2, nicolae_vaults_network_s, v_misc_24,
          hangedman_vaults_trim, ontoclasm_vaults_idyll,
          nicolae_vaults_specimen_jars, nicolae_vaults_border_crossing,
          layout_vaults_quadrants, serial_shops, nicolae_shop_stone,
          uniq_frederick, uniq_margery
Vaults:4: v_misc_10, nicolae_vaults_little_squares_6,
          nicolae_vaults_network_quinsquares
          [nicolae_vaults_network_quincunx_subvault,
          nicolae_vaults_network_quincunx_subvault,
          nicolae_vaults_network_quincunx_subvault,
          nicolae_vaults_network_quincunx_subvault],
          vaults_mumra_minichess_inversion, vaults_room_door_hall,
          nicolae_vaults_theta, nicolae_vaults_network_periphery,
          vaults_mumra_hexcomb, st_smaller_cells, nicolae_vaults_little_ls,
          layout_vaults_big_cross

Skill      XL: |  1  2  3  4  5  6  7  8  9 10 11 12 13 14 15 16 17 18 19 20 |
---------------+-------------------------------------------------------------+-----
Fighting       | 2 3 4 5 6 8 9 10 12 14 16 17 18 19 | 19.5
Unarmed Combat | 3 4 5 6 8 10 11 13 14 16 17 18 19 20 | 20.0
Translocations | 3 4 5 6 8 9 10 11 | 11.5
Throwing       | 3 5 6 8 10 | 10.1
Evocations     | 2 4 5 |  5.2
Invocations    | 2 5 7 8 |  8.5
Dodging        | 2 4 6 7 8 9 10 | 10.0
Armour         | 1 2 5 |  5.0
Shields        | 2 4 5 |  5.0
Spellcasting   | 3 5 |  5.0
Maces & Flails | 5 |  5.2

Action                   |  1- 3 |  4- 6 |  7- 9 | 10-12 | 13-15 | 16-18 | 19-21 || total
-------------------------+-------+-------+-------+-------+-------+-------+-------++-------
Melee: Unarmed           |   108 |    95 |   372 |   591 |  1240 |  1322 |   970 ||  4698
       Punch             |       |       |    17 |    57 |    73 |       |       ||   147
       Scimitar          |       |       |       |    11 |     9 |       |       ||    20
       Eveningstar       |       |       |       |       |       |    21 |       ||    21
Throw: Stone             |       |     9 |   141 |   162 |    59 |       |       ||   371
       Throwing net      |       |       |     2 |     3 |       |       |       ||     5
       Javelin           |       |       |     1 |     3 |       |       |       ||     4
       Dart              |       |       |       |     6 |    13 |     3 |       ||    22
       Boomerang         |       |       |       |     5 |    55 |     1 |       ||    61
       Large rock        |       |       |       |       |    29 |   139 |    60 ||   228
 Cast: Blink             |       |       |       |     8 |     5 |    19 |     6 ||    38
       Lesser Beckoning  |       |       |       |     5 |     4 |    21 |    64 ||    94
       Apportation       |       |       |       |     6 |    33 |    47 |    32 ||   118
       Portal Projectile |       |       |       |       |       |     1 |       ||     1
       Teleport Other    |       |       |       |       |       |     1 |       ||     1
       Manifold Assault  |       |       |       |       |       |       |     3 ||     3
Invok: Divine Shield     |       |       |       |     2 |     3 |    17 |    11 ||    33
       Summon Divine War |       |       |       |       |       |     2 |     1 ||     3
Evoke: Wand              |       |       |     2 |    40 |    29 |    34 |     2 ||   107
       Lightning rod     |       |       |       |     8 |    13 |    19 |     8 ||    48
       Phantom mirror    |       |       |       |       |     1 |     4 |     4 ||     9
       Box of beasts     |       |       |       |       |       |       |     3 ||     3
  Use: Scroll            |       |       |    12 |    17 |    11 |    18 |    10 ||    68
       Potion            |       |       |     3 |     4 |     6 |    27 |     7 ||    47
 Stab: Sleeping          |     1 |     1 |     1 |       |       |       |       ||     3
       Distracted        |       |       |     1 |       |       |       |       ||     1
Armor: Robe              |    21 |     9 |    75 |     9 |       |       |       ||   114
       Skin              |       |       |    15 |       |    16 |     2 |       ||    33
       Acid dragon scale |       |       |       |   171 |   279 |   361 |   185 ||   996
Dodge: Dodged            |    34 |    45 |   131 |   260 |   375 |   388 |   260 ||  1493
Block: Other             |       |       |       |     5 |    46 |       |       ||    51
       Kite shield       |       |       |       |       |   391 |   932 |   565 ||  1888
       Reflection        |       |       |       |       |    17 |    24 |    32 ||    73
